 Dungeon Crawl Stone Soup version 0.24-a0-397-g73b976d (webtiles) character file.

Game seed: 12973997192618653166

744 Antithesis the Destroyer (level 7, -10/38 HPs)
             Began as a Deep Elf Conjurer on June 4, 2019.
             Was a Follower of Sif Muna.
             Shot with an arrow by a centaur (13 damage)
             ... on level 6 of the Dungeon.
             The game lasted 00:21:48 (6070 turns).

Antithesis the Destroyer (Deep Elf Conjurer)        Turns: 6070, Time: 00:21:49

Health: -10/38     AC:  3    Str:  5    XL:     7   Next: 47%
Magic:  16/18      EV: 13    Int: 22    God:    Sif Muna [*.....]
Gold:   228        SH:  0    Dex: 15    Spells: 6/18 levels left

rFire    + . .     SeeInvis .   t - +2 scythe (freeze)
rCold    + . .     Gourm    .   (shield currently unavailable)
rNeg     . . .     Faith    .   a - +0 robe
rPois    .         Spirit   .   (no helmet)
rElec    .         Reflect  .   A - scarf {rC+ rF+}
rCorr    .         Harm     .   (no gloves)
MR       .....                  e - +0 pair of boots
Stlth    ++........             (no amulet)
HPRegen  0.12/turn              (no ring)
MPRegen  0.16/turn              (no ring)

@: sluggish, very slow
A: no striking features
a: Divine Energy, Renounce Religion


You were on level 6 of the Dungeon.
You worshipped Sif Muna.
Sif Muna was aware of your devotion.
You were very hungry.

You visited 2 branches of the dungeon, and saw 7 of its levels.

You collected 228 gold pieces.

Inventory:

Hand Weapons
 f - a +0 spear
 g - a +0 dagger
 t - a +2 scythe of freezing (weapon)
Missiles
 b - 27 poisoned darts (quivered)
Armour
 a - a +0 robe (worn)
 d - a +2 cloak
 e - a +0 pair of boots (worn)
 A - a scarf of resistance (worn)
Wands
 v - a wand of paralysis (5)
 z - a wand of flame (14)
Scrolls
 h - a scroll of noise {unknown}
 i - 3 scrolls of teleportation {unknown}
 j - 3 scrolls of identify {unknown}
 k - 3 scrolls of remove curse {unknown}
 p - a scroll of fear {unknown}
 w - a scroll of immolation {unknown}
 x - a scroll of magic mapping {unknown}
 y - 2 scrolls of blinking {unknown}
Potions
 l - a potion of ambrosia {unknown}
 m - a potion of brilliance {unknown}
 n - 2 potions of invisibility {unknown}
 o - a potion of haste {unknown}
 q - a potion of might {unknown}
 r - 2 potions of flight {unknown}
 s - 2 potions of curing {unknown}
 u - 3 potions of agility {unknown}
 B - a potion of lignification {unknown}
 C - a potion of cancellation {unknown}
Comestibles
 c - 5 rations


   Skills:
 * Level 1.5 Fighting
 + Level 3.0 Dodging
 - Level 2.4 Stealth
 - Level 6.1 Spellcasting
 - Level 8.1 Conjurations
 - Level 2.2 Hexes
 + Level 1.8 Charms


You had 6 spell levels left.
You knew the following spells:

 Your Spells              Type           Power        Failure   Level  Hunger
a - Magic Dart            Conj           ####         1%          1    None
b - Searing Ray           Conj           #####.       1%          2    None
c - Dazzling Spray        Conj/Hex       ####..       3%          3    #......
d - Iskenderun's Mystic   Conj           #####...     3%          4    ###....
e - Swiftness             Chrm/Air       ##......     10%         2    None

Your spell library contained the following spells:

 Spells                   Type           Power        Failure   Level  Hunger
 Shock                    Conj/Air       ###.         1%          1    None
 Static Discharge         Conj/Air       ###.....     4%          3    #......
 Fulminant Prism          Conj/Hex       ####......   11%         4    ###....
 Force Lance              Conj/Tloc      ###.....     17%         4    ###....
 Lightning Bolt           Conj/Air       ###.......   43%         5    #####..
 Airstrike                Air            #.........   65%         4    ###....


Dungeon Overview and Level Annotations

Branches:
Dungeon (6/15)             Temple (1/1) D:4

Altars:
Ashenzari
Cheibriados
Dithmenos
Elyvilon
Gozag
Hepliaklqana
Makhleb
Nemelex Xobeh
Okawaru
Qazlal
Ru
Sif Muna
Trog
Uskayaw
Wu Jian
Xom
Yredelemnul

Shops:
D:4 %

Annotations:
D:4 Grinder


Message History

Casting: Magic Dart (safe; 1% risk of failure)
Confirm with . or Enter, or press ? or * to list all spells.
Aiming: Magic Dart (safe; 1% risk of failure)
Press: ? - help, Shift-Dir - straight line, f/p - centaur
Aim: a centaur, wielding a +1 shortbow of freezing The magic dart hits the centaur but does no damage.
The centaur shoots an arrow.
The arrow hits you! The arrow freezes you.
The centaur shoots an arrow.
The arrow hits you!
* * * LOW HITPOINT WARNING * * *
The arrow freezes you.
* * * LOW HITPOINT WARNING * * *
You start to feel a little slower.
The centaur shoots an arrow.
The arrow hits you.
* * * LOW HITPOINT WARNING * * *
You see here an arrow.
The centaur shoots an arrow.
The arrow closely misses you.
You see here an arrow.
You feel sluggish.
The centaur shoots an arrow.
The arrow hits you!
You die...

#.###.###### #..##.#.....
#..##.#.#### #...........
#..##....### #..#######
### #.........
##########(###..##.######
#. #..(....@....#......#
#.. #.
##c#######.####.##..###.#
#. #.# #..........#...#
#. #.# #####.####.#.###
#. #.# #.# ##.#.### #.
#.# #.# #.......
#.##.###c# #.# #..#.###
#....(...# #.# #..#.#
####.##### #.# #..#.#


You could see a centaur.

Vanquished Creatures
  Sigmund (D:4)
  A bullfrog (D:6)
  5 crimson imps
  A hound (D:6)
  A jelly (D:6)
  An iguana (D:4)
  3 worker ants
  A hound skeleton (D:3)
  A howler monkey skeleton (D:4)
  8 adders
  2 oozes
  2 adder zombies (D:5)
  3 worms
  2 dart slugs
  6 leopard geckos
  13 orcs
  2 ball pythons
  3 bats
  2 giant cockroaches
  6 goblins
  5 hobgoblins
  2 jackals (D:4)
  4 kobolds
  A quokka (D:5)
  7 frilled lizards
  A jackal zombie (D:5)
  A quokka skeleton (D:4)
  12 rats
97 creatures vanquished.

Notes
Turn   | Place    | Note
-------+----------+-------------------------------------------
     0 | D:1      | Antithesis the Deep Elf Conjurer began the quest for the
                  | Orb.
     0 | D:1      | Reached XP level 1. HP: 10/10 MP: 6/6
    87 | D:1      | Reached XP level 2. HP: 15/15 MP: 0/8
   208 | D:1      | Reached skill level 5 in Conjurations
   436 | D:1      | Learned a level 2 spell: Searing Ray
   518 | D:1      | Reached XP level 3. HP: 19/19 MP: 5/9
   809 | D:2      | Learned a level 3 spell: Dazzling Spray
  1033 | D:2      | Reached XP level 4. HP: 24/24 MP: 6/12
  1796 | D:3      | Reached skill level 6 in Conjurations
  1801 | D:3      | Found a sacrificial altar of Ru.
  1852 | D:3      | Found a shattered altar of Ashenzari.
  2488 | D:3      | Learned a level 4 spell: Iskenderun's Mystic Blast
  2525 | D:4      | Found a staircase to the Ecumenical Temple.
  2536 | D:3      | Reached XP level 5. HP: 26/28 MP: 5/13
  2609 | D:4      | Found a hide-covered altar of Uskayaw.
  2757 | D:4      | Noticed Sigmund
  2935 | Temple   | Entered the Ecumenical Temple
  3181 | Temple   | Became a worshipper of Sif Muna the Loreminder
  3379 | D:4      | Found Equeriv's Food Emporium.
  3411 | D:4      | Reached skill level 1 in Hexes
  3459 | D:4      | Killed Sigmund
  3459 | D:4      | Reached skill level 5 in Spellcasting
  3459 | D:4      | Reached skill level 7 in Conjurations
  3459 | D:4      | Reached XP level 6. HP: 26/32 MP: 0/15
  3463 | D:4      | Learned a level 2 spell: Swiftness
  3966 | D:4      | Noticed Grinder
  3972 | D:4      | Paralysed by Grinder for 4 turns
  3982 | D:5      | Entered Level 5 of the Dungeon
  4222 | D:5      | Reached * piety under Sif Muna
  4768 | D:5      | Noticed an ice beast
  4824 | D:4      | Paralysed by Grinder for 3 turns
  5057 | D:5      | Reached XP level 7. HP: 31/36 MP: 1/17
  5401 | D:5      | Reached skill level 8 in Conjurations
  5650 | D:6      | Reached skill level 1 in Charms
  5884 | D:6      | Reached skill level 1 in Fighting
  5991 | D:6      | Found a hide-covered altar of Uskayaw.
  6070 | D:6      | Shot with an arrow by a centaur

Levels and vault maps discovered:
D:1:      lightli_arrival_maybe_door_vault, layout_rooms,
          minmay_misc_feat_nine_boxes
D:2:      layout_basic, first_ration, minmay_indecisive_spiral
D:3:      layout_basic, cheibrodos_ashenzari_chains, old_standard_altar,
          kennysheep_generic_room_11
D:4:      layout_cave_pools, tgw_fedhas, eat_drink_and_be_merry_uskayaw,
          minmay_temple_entry_trees, serial_shops, nicolae_shop_window_shopping,
          st_stairs_5, uniq_grinder, uniq_duvessa, uniq_sigmund
D:5:      layout_basic
D:6:      layout_basic, kennysheep_mini, basic_altar, serial_shops, shop,
          minivault_11
Temple:   minmay_temple_curvy_branch

Skill      XL: |  1  2  3  4  5  6  7 |
---------------+----------------------+-----
Conjurations   | 5 6 7 8 |  8.1
Spellcasting   | 4 5 6 |  6.1
Hexes          | 2 |  2.2
Charms         | 1 |  1.8
Fighting       | 1 |  1.5
Dodging        | 3 |  3.0
Stealth        | |  2.4

Action                   |  1- 3 |  4- 6 |  7- 9 || total
-------------------------+-------+-------+-------++-------
Melee: Spear             |     2 |       |       ||     2
       Dagger            |       |     3 |       ||     3
       Scythe            |       |     9 |       ||     9
 Cast: Magic Dart        |    66 |   193 |    49 ||   308
       Dazzling Spray    |     2 |    10 |       ||    12
       Searing Ray       |       |     3 |       ||     3
       Swiftness         |       |       |     1 ||     1
  Eat: Chunk             |       |     8 |       ||     8
       Ration            |       |     1 |     1 ||     2
Armor: Robe              |     3 |    15 |     2 ||    20
Dodge: Dodged            |    16 |    49 |     8 ||    73

Table legend:
 A = Non-vault XP
 B = Vault XP
 C = Vault XP percentage of total XP
 D = Non-vault monster count
 E = Vault monster count
 F = Vault count percentage of total count
                 A         B        C        D         E       F
            +---------+---------+-------+---------+---------+-------
      Total |     847 |     217 |  20.4 |      91 |       6 |   6.2
            +---------+---------+-------+---------+---------+-------
        D:1 |      51 |       0 |   0.0 |      26 |       0 |   0.0
        D:2 |      57 |      19 |  25.0 |      12 |       4 |  25.0
        D:3 |      87 |       0 |   0.0 |      16 |       0 |   0.0
        D:4 |     148 |     198 |  57.2 |      16 |       2 |  11.1
        D:5 |     266 |       0 |   0.0 |      14 |       0 |   0.0
        D:6 |     238 |       0 |   0.0 |       7 |       0 |   0.0
            +---------+---------+-------+---------+---------+-------
